 Dungeon Crawl Stone Soup version 0.27-a0-242-ge0fc76b88b (webtiles) character file.

Game seed: 530821959208760559

188 Borgoz the Slasher (level 5, -4/45 HPs)
             Began as a Ghoul Gladiator on Feb 3, 2021.
             Slain by a wight
             ... wielding a cursed +3 morningstar
              (12 damage)
             ... on level 3 of the Dungeon.
             The game lasted 00:03:08 (1906 turns).

Borgoz the Slasher (Ghoul Gladiator)                Turns: 1906, Time: 00:03:08

Health: -4/45      AC:  5    Str: 18    XL:     5   Next: 67%
Magic:  4/4        EV: 13    Int:  3    God:
Gold:   113        SH:  0    Dex: 11    Spells: 4/4 levels left

rFire    . . .     SeeInvis .   b - +2 dagger (venom)
rCold    + . .     Faith    .   (no shield)
rNeg     + + +     Spirit   .   g - +0 leather armour
rPois    ∞         Reflect  .   c - +0 helmet
rElec    .         Harm     .   (no cloak)
rCorr    .         Rampage  .   (no gloves)
Will     .....                  p - +0 pair of boots
Stlth    +.........             (no amulet)
HPRegen  0.00/turn              (no ring)
MPRegen  0.09/turn              (no ring)

@: mighty, brilliant
A: claws 1, cold resistance 1, negative energy resistance 3, inhibited
regeneration, torment resistance, unbreathing
a: no special abilities


You were on level 3 of the Dungeon.
You visited 1 branch of the dungeon, and saw 3 of its levels.

You collected 113 gold pieces.

Inventory:

Hand Weapons
 a - a +0 long sword
 b - a +2 dagger of venom (weapon)
Missiles
 d - 3 throwing nets (quivered)
Armour
 c - a +0 helmet (worn)
 g - a +0 leather armour (worn)
 p - a +0 pair of boots (worn)
Scrolls
 e - 2 scrolls of magic mapping {unknown}
 h - 2 scrolls of identify {unknown}
 k - 3 scrolls of remove curse {unknown}
 l - a scroll of amnesia {unknown}
 m - 2 scrolls of teleportation {unknown}
Potions
 i - a potion of mutation
 j - a potion of magic
 n - a potion of curing {unknown}
 o - a potion of haste {unknown}


   Skills:
 + Level 3.3 Fighting
 * Level 4.1 Long Blades
 - Level 1.7 Throwing
 + Level 1.9 Armour
 + Level 3.4 Dodging


You had 4 spell levels left.
You didn't know any spells.
Your spell library was empty.

Dungeon Overview and Level Annotations

Branches:
Dungeon (2/15)

Altars:
Zin

Annotations:
D:2 Jessica


Innate Abilities, Weirdness & Mutations

You thrive by killing the living.
You are immune to poison.
You have sharp fingernails.
Your flesh is cold resistant. (rC+)
You are immune to negative energy. (rN+++)
You do not regenerate when monsters are visible.
You are immune to unholy pain and torment.
You can survive without breathing.


Message History

You hit the wight.
The wight is severely damaged.
The wight closely misses you.
You hit the wight.
You destroy the wight!
Your Long Blades skill increases to level 4!
The wight closely misses you.
Items here: )) [[.
You hit the wight.
The wight is moderately damaged.
The wight hits you but does no damage.
You hit the wight.
The wight is heavily damaged.
The wight hits you but does no damage.
You hit the wight.
The wight is almost destroyed.
You closely miss the wight.
The wight is almost destroyed.
The wight hits you with a cursed +3 morningstar!
You die...

#
####################.###
.†..........#...@zzz...#
###(#######.#.##########
.##..# #.#.# .....#
##.#.##########
####.#####.............#
# #....###.#.#(###)...#
# ##....# #.#.#.# #....#
###.....###.#.#.# #....#
...._.......#.#.# #....#


You could see 3 wights.

Vanquished Creatures
  2 wights (D:3)
  An orc wizard (D:3)
  An ooze (D:1)
  3 worms (D:3)
  3 dart slugs (D:1)
  A leopard gecko (D:3)
  5 orcs (D:3)
  7 goblins
  5 hobgoblins
  11 kobolds
  2 quokkas
  2 ball pythons
  5 bats
  3 frilled lizards (D:1)
  10 rats
61 creatures vanquished.

Notes
Turn   | Place    | Note
-------+----------+-------------------------------------------
     0 | D:1      | Borgoz the Ghoul Gladiator began the quest for the Orb.
     0 | D:1      | Reached XP level 1. HP: 17/17 MP: 0/0
   271 | D:1      | Reached XP level 2. HP: 25/25 MP: 1/1
   352 | D:1      | Reached skill level 3 in Long Blades
   785 | D:1      | Reached XP level 3. HP: 25/30 MP: 2/2
   910 | D:1      | Reached skill level 1 in Armour
  1312 | D:2      | Noticed Jessica
  1312 | D:2      | You fall into a shaft and drop 1 floor!
  1333 | D:3      | Reached XP level 4. HP: 11/37 MP: 3/3
  1346 | D:3      | Found a glowing silver altar of Zin.
  1899 | D:3      | Reached XP level 5. HP: 8/45 MP: 4/4
  1902 | D:3      | Reached skill level 4 in Long Blades
  1906 | D:3      | Slain by a wight

Illustrated notes

Levels and vault maps discovered:
D:1:      lemuel_arrival_hallway, layout_basic
D:2:      layout_basic, uniq_jessica
D:3:      layout_basic, nicolae_overflow_crystal_walls, grunt_ministairs_14

Skill      XL: |  1  2  3  4  5 |
---------------+----------------+-----
Long Blades    | 3 4 |  4.1
Dodging        | 3 |  3.4
Armour         | 1 |  1.9
Fighting       | 3 |  3.3
Throwing       | |  1.7

Action                   |  1- 3 |  4- 6 || total
-------------------------+-------+-------++-------
Melee: Long sword        |    18 |       ||    18
       Dagger            |    90 |    76 ||   166
  Use: Potion            |       |     4 ||     4
Armor: Leather armour    |    22 |    17 ||    39
Dodge: Dodged            |    62 |    27 ||    89
       Rpst.: Long sword |     4 |       ||     4

Table legend: (Time is in decaauts)
 A = Elapsed time spent in this place.
 B = Non-inter-level travel time spent in this place.
 C = Inter-level travel time spent in this place.
 D = Time resting spent in this place.
 E = Time spent auto-exploring this place.
 F = Levels seen in this place.
 G = Mean time per level.
                   A        B        C        D        E       F      G
               +--------+--------+--------+--------+--------+-----+--------+
         Total |   1894 |   1869 |     25 |    304 |   1159 |   3 |  631.3 |
       Dungeon |   1894 |   1869 |     25 |    304 |   1159 |   3 |  631.3 |
               +--------+--------+--------+--------+--------+-----+--------+

Top non-repeatable levels by time:
     D:1: 1198 daAuts
     D:3: 584 daAuts
     D:2: 111 daAuts
